 Dungeon Crawl Stone Soup version 0.21.1-1-g345015f (webtiles) character file.

3888 aMcNicky the Cleaver (level 10, 0/90 HPs)
             Began as a Minotaur Abyssal Knight on Mar 2, 2018.
             Was a High Priest of Lugonu.
             Slain by a wolf (2 damage)
             ... on level 1 of the Lair of Beasts on Mar 3, 2018.
             The game lasted 00:49:09 (9273 turns).

aMcNicky the Cleaver (Minotaur Abyssal Knight)      Turns: 9273, Time: 00:49:10

Health: 0/90       AC: 13    Str: 25    XL:     10   Next: 0%
Magic:  13/13      EV:  8    Int:  9    God:    Lugonu [*****.]
Gold:   410        SH:  8    Dex: 15    Spells: 9/9 levels left

rFire    . . .     SeeInvis .   P - +0 war axe
rCold    . . .     Gourm    .   l - +0 shield
rNeg     . . .     Faith    .   T - +0 plate armour (curse)
rPois    .         Spirit   .   (helmet restricted)
rElec    .         Reflect  .   (no cloak)
rCorr    .         Harm     .   (no gloves)
MR       +....                  (no boots)
Stlth    ..........             (no amulet)
HPRegen  0.25/turn              g - +5 ring of dexterity
MPRegen  0.13/turn              N - ring "Besif" {+Inv MR+ Slay+3}

@: mighty
A: retaliatory headbutt, horns 2
a: Depart the Abyss, Bend Space, Banish, Corrupt, Enter the Abyss, Renounce
Religion, Evoke Invisibility


You were on level 1 of the Lair of Beasts.
You worshipped Lugonu.
Lugonu was extremely pleased with you.
You were hungry.

You visited 3 branches of the dungeon, and saw 10 of its levels.
You visited the Abyss 1 time.
You also visited: Ossuary.

You collected 410 gold pieces.

Inventory:

Hand Weapons
 a - a +1 hand axe
 G - a +0 shortbow
 J - a +0 club
 P - a +0 war axe (weapon)
 Y - a +1 demon whip of venom
Missiles
 H - 83 arrows
 R - 5 poisoned tomahawks (quivered)
 V - 5 tomahawks
Armour
 b - a +0 leather armour
 k - a +0 ring mail
 l - a +0 shield (worn)
 y - a cursed +0 robe
 L - a +0 chain mail
 T - a cursed +0 plate armour (worn)
Magical Staves
 o - an uncursed staff of death {unknown}
Jewellery
 g - a +5 ring of dexterity (left hand)
 m - a cursed amulet of inaccuracy
 t - a cursed ring of loudness
 F - an uncursed ring of protection from magic
 I - a +3 ring of intelligence
 M - a cursed -2 ring of evasion
 N - the ring "Besif" (right hand) {+Inv MR+ Slay+3}
   (You found it on level 5 of the Dungeon)

   [ring of protection from magic]

   It affects your accuracy and damage with ranged weapons and melee attacks
   (+3).
   It affects your resistance to hostile enchantments.
   It lets you turn invisible.
 O - an uncursed ring of ice {unknown}
Wands
 q - a wand of paralysis (40)
 C - a wand of flame (41)
 Q - a wand of iceblast (13)
 S - a wand of clouds (7)
 X - a wand of digging (11)
Scrolls
 e - 4 scrolls of teleportation
 n - 2 scrolls of immolation {unknown}
 r - 11 scrolls of remove curse {@r2}
 w - a scroll of amnesia {unknown}
 x - 2 scrolls of fog {unknown}
 A - 2 scrolls of enchant weapon {unknown}
 D - a scroll of enchant armour {unknown}
 E - a scroll of fear {unknown}
 K - 3 scrolls of blinking {unknown}
 U - a scroll of identify {@r1}
Potions
 d - 2 potions of flight {unknown}
 f - 2 potions of might
 h - a potion of agility {unknown}
 i - 5 potions of curing {@q1}
 j - a potion of brilliance {unknown}
 p - 2 potions of mutation {unknown}
 s - a potion of cancellation {unknown}
 u - 3 potions of invisibility {unknown}
 v - 2 potions of magic {unknown}
 z - 2 potions of haste
 B - 2 potions of berserk rage {unknown}
 W - a potion of resistance {unknown}
Comestibles
 c - 16 rations


   Skills:
 + Level 8.4 Fighting
 * Level 9.0 Axes
 + Level 7.8 Armour
 + Level 6.8 Dodging
 + Level 6.4 Invocations


You had 9 spell levels left.
You didn't know any spells.

Dungeon Overview and Level Annotations

Branches:
Dungeon (8/15)             Temple (1/1) D:7            Lair (1/6) D:8

Altars:
Ashenzari
Cheibriados
Dithmenos
Elyvilon
Fedhas
Gozag
Hepliaklqana
Kikubaaqudgha
Makhleb
Nemelex Xobeh
Okawaru
Qazlal
Sif Muna
Trog
Uskayaw
Vehumet
Wu Jian
Xom
Yredelemnul
Zin
The Shining One

Shops:
D:5 [

Portals:
Labyrinth: Lair:1


Innate Abilities, Weirdness & Mutations

You reflexively headbutt those who attack you in melee.
You have a pair of horns on your head.


Message History

* * * LOW HITPOINT WARNING * * *
The wolf closely misses you.
You feel very mighty all of a sudden. The wolf bites you.
* * * LOW HITPOINT WARNING * * *
You miss the wolf. The wolf bites you!
* * * LOW HITPOINT WARNING * * *
You block the wolf's attack.
Okay, then.
Put on which piece of jewellery? (? for menu, Esc to quit)
Okay, then.
You don't know any spells.
That item cannot be evoked!
Evoke which item? (* to show all) (? for menu, Esc to quit)
Aiming: Paralyse
Press: ? - help, Shift-Dir - straight line, f - wolf
Aim: a wolf (chance to defeat MR: 46%)
The wolf resists with some effort.
The wolf closely misses you. You furiously retaliate!
You headbutt the wolf. The wolf bites you.
You die...

......# #######..##
#.#...## #P..P#
......P#######....#
.................##
..................#
.................##
.................#
#P#..............#
###....###..#h##@#
# #...#........#h#
###...#.........h#
##P...#........#.#
.#.............#.#
###...P........#.##
###...#........#..#
...............#.##
.......#.P#.#.##.#


You could see 2 wolves.

Vanquished Creatures
  Joseph (D:8)
  A polar bear (Lair:1)
  A hippogriff (D:8)
  Sigmund (D:2)
  An ice beast (D:5)
  A sky beast (D:7)
  2 orc warriors (D:7)
  2 wolves (Lair:1)
  An ogre (D:6)
  3 centaurs
  3 bullfrogs
  A wyvern skeleton (D:6)
  2 scorpions
  3 howler monkeys
  8 wights
  3 crimson imps
  A bullfrog zombie (D:7)
  A quasit (D:6)
  5 hounds
  A jelly (D:8)
  3 orc priests
  A gnoll shaman (D:8)
  An iguana (D:5)
  7 worker ants
  9 orc wizards
  6 big kobold zombies (Ossuary)
  A hound skeleton (D:5)
  A mummy (Ossuary)
  A worker ant zombie (D:7)
  4 gnolls (D:8)
  A howler monkey skeleton (D:6)
  9 adders
  3 shadow imps (D:7)
  An ooze (D:4)
  An adder zombie (D:5)
  An adder skeleton (D:7)
  6 worms
  4 dart slugs
  The ghost of letownia2 the Magician, a weakling TeWz (D:3)
  3 leopard geckos
  22 orcs
  3 spectral bats (Ossuary)
  11 bats
  4 giant cockroaches
  5 gnoll zombies (Ossuary)
  3 goblins
  8 hobgoblins
  5 jackals
  8 kobolds
  3 quokkas
  3 ball pythons
  4 bat simulacra (Ossuary)
  3 frilled lizards
  2 goblin simulacra (Ossuary)
  4 goblin zombies (Ossuary)
  4 hobgoblin zombies (Ossuary)
  A jackal zombie (D:6)
  3 kobold simulacra (Ossuary)
  2 kobold zombies (Ossuary)
  6 orc zombies (Ossuary)
  A quokka skeleton (D:5)
  8 rats
  3 rat simulacra (Ossuary)
  A spectral goblin (Ossuary)
  4 spectral kobolds (Ossuary)
  A spectral rat (Ossuary)
228 creatures vanquished.

Vanquished Creatures (others)
  A gnoll zombie (Ossuary)
  3 bat simulacra (Ossuary)
  A goblin zombie (Ossuary)
  An orc zombie (Ossuary)
  A rat simulacrum (Ossuary)
  2 plants (D:5)
9 creatures vanquished.

Grand Total: 237 creatures vanquished

Notes
Turn   | Place    | Note
-------+----------+-------------------------------------------
     0 | Abyss:1  | aMcNicky the Minotaur Abyssal Knight began the quest for the Orb.
     0 | Abyss:1  | Reached XP level 1. HP: 19/19 MP: 1/1
    34 | Abyss:1  | Found a corrupted altar of Lugonu.
    56 | Abyss:1  | Noticed a small abomination
    57 | Abyss:1  | Noticed a wraith
    62 | D:1      | Escaped the Abyss
   189 | D:1      | Reached * piety under Lugonu
   438 | D:1      | Reached XP level 2. HP: 27/27 MP: 2/2
   823 | D:1      | Reached XP level 3. HP: 30/33 MP: 3/3
   999 | D:2      | Reached skill level 3 in Axes
  1278 | D:2      | Noticed Sigmund
  1383 | D:2      | Killed Sigmund
  1383 | D:2      | Reached XP level 4. HP: 26/41 MP: 3/5
  1383 | D:2      | Reached XP level 5. HP: 30/47 MP: 3/6
  1747 | D:2      | Reached ** piety under Lugonu
  1877 | D:3      | Noticed letownia2's ghost (weakling TeWz)
  2106 | D:3      | Reached skill level 4 in Axes
  2163 | D:3      | Killed letownia2's ghost
  2163 | D:3      | Reached XP level 6. HP: 55/55 MP: 7/7
  2568 | D:3      | Found a sparkling altar of Nemelex Xobeh.
  2798 | D:4      | Reached skill level 5 in Fighting
  2847 | D:4      | Found a sand-covered staircase.
  2859 | Ossuary  | Entered an ossuary
  2928 | Ossuary  | Reached *** piety under Lugonu
  3453 | D:4      | Reached **** piety under Lugonu
  3471 | D:4      | Reached XP level 7. HP: 56/61 MP: 8/8
  4129 | D:5      | Entered Level 5 of the Dungeon
  4132 | D:5      | Found a radiant altar of Vehumet.
  4422 | D:5      | Reached skill level 5 in Axes
  4422 | D:5      | Reached skill level 5 in Armour
  4703 | D:5      | Reached XP level 8. HP: 40/70 MP: 10/10
  5405 | D:5      | Found Higic's Armour Shop.
  5709 | D:5      | Got a coiled brass ring
  5710 | D:5      | Identified the ring "Besif" {+Inv MR+ Slay+3} (You found it on level 5 of the Dungeon)
  5880 | D:6      | Reached skill level 6 in Axes
  5880 | D:6      | Reached skill level 5 in Dodging
  5944 | D:6      | Reached skill level 5 in Invocations
  6690 | D:7      | Reached XP level 9. HP: 79/79 MP: 12/12
  6701 | D:7      | Reached ***** piety under Lugonu
  6712 | D:7      | Reached skill level 7 in Axes
  7293 | D:7      | Found a staircase to the Ecumenical Temple.
  7460 | Temple   | Entered the Ecumenical Temple
  7961 | D:8      | Reached skill level 8 in Axes
  8019 | D:8      | Found a shimmering altar of Xom.
  8211 | D:8      | Found a staircase to the Lair.
  8317 | D:8      | Noticed Joseph
  8337 | D:8      | Killed Joseph
  8895 | Lair:1   | Entered Level 1 of the Lair of Beasts
  9087 | Lair:1   | Noticed a polar bear
  9102 | Lair:1   | Killed a polar bear
  9202 | Lair:1   | Found a labyrinth entrance.
  9211 | Lair:1   | Noticed a spiny frog
  9262 | Lair:1   | Reached skill level 9 in Axes
  9266 | Lair:1   | Reached XP level 10. HP: 19/90 MP: 13/13
  9272 | Lair:1   | HP: 2/90 [wolf (7)]
  9273 | Lair:1   | Slain by a wolf

Skill      XL: |  1  2  3  4  5  6  7  8  9 |
---------------+----------------------------+-----
Invocations    | 2 3 4 5 6 |  6.4
Fighting       | 4 5 6 7 8 |  8.4
Axes           | 3 4 5 6 9 |  9.0
Armour         | 3 4 5 6 7 |  7.8
Dodging        | 2 3 4 5 6 |  6.8

Action                   |  1- 3 |  4- 6 |  7- 9 | 10-12 || total
-------------------------+-------+-------+-------+-------++-------
Melee: Hand axe          |    83 |   221 |   212 |       ||   516
       Headbutt          |    16 |    53 |    97 |     2 ||   168
       War axe           |       |       |   191 |     5 ||   196
Throw: Tomahawk          |       |       |     1 |       ||     1
Invok: Depart the Abyss  |     1 |       |       |       ||     1
       Banish            |       |       |     1 |       ||     1
Evoke: Wand              |       |       |       |     1 ||     1
  Use: Scroll            |     1 |     4 |    10 |       ||    15
       Potion            |       |       |     3 |     1 ||     4
  Eat: Chunk             |     1 |     7 |    12 |       ||    20
       Ration            |       |       |     2 |       ||     2
Armor: Leather armour    |    20 |       |       |       ||    20
       Ring mail         |    13 |    47 |    34 |       ||    94
       Chain mail        |       |       |    73 |       ||    73
       Plate armour      |       |       |    74 |     2 ||    76
Dodge: Dodged            |    56 |    70 |   137 |     3 ||   266
Block: Shield            |    12 |    62 |   161 |     4 ||   239
